Map: Efflorescence LE

Players

Civets - Winner!

  • Race: Zerg Zerg
  • League: Diamond
  • Spawn Location: 3:00

Rashl - Winner!

  • Race: Protoss Protoss
  • Spawn Location: 12:00

OpuS

  • Race: Protoss Protoss
  • League: Platinum
  • Spawn Location: 9:00

Sketchaphone

  • Race: Zerg Zerg
  • League: Platinum
  • Spawn Location: 6:00

VOD

Have the link to the VOD?

Description

Time

  • Played on: Feb. 11, 2019, 8:36 p.m.
  • Length: 11:45
Show
View Real Time Build Order
Export as new Build Order

Civets Zerg - Winner!

Build Orders: Hatch First, Roach Hydra 

Get SALT Encoding   

  12  0:01  Drone  
  13  0:13  Overlord  
  13  0:18  Drone  
  14  0:31  Drone x2  
  16  0:52  Hatchery  
  16  0:56  Drone  
  16  0:57  Drone  
  17  1:13  Spawning Pool  
  17  1:15  Drone  
  18  1:18  Drone  
  18  1:21  Drone  
  19  1:29  Drone  
  19  1:31  Extractor  
  19  1:41  Drone  
  20  1:51  Drone  
  21  2:01  Overlord  
  21  2:03  Queen  
  23  2:08  Drone  
  23  2:11  Queen  
  23  2:14  Drone  
  27  2:16  Drone  
  27  2:22  Drone  
  29  2:25  Drone  
  30  2:34  Overlord  
  30  2:37  Drone  
  30  2:41  Lair  
  31  2:44  Zergling x2  
  31  2:49  Zergling x2  
  33  2:57  Baneling Nest  
  32  2:59  Zergling x4  
  34  3:07  Drone  
  35  3:14  Drone  
  35  3:15  Overlord  
  36  3:20  Drone x2  
  36  3:21  Drone x4  
  42  3:27  Roach Warren  
  42  3:28  Drone  
  42  3:29  Evolution Chamber  
  41  3:36  Overlord  
  41  3:37  Drone  
  41  3:40  Extractor  
  41  3:41  Extractor  
  40  3:42  Baneling x3  
  40  3:45  Baneling x3  
  40  3:47  Drone x2  
  42  3:55  Drone x2  
  44  3:56  Drone x2  
  44  4:01  Drone x2  
  48  4:06  Overlord  
  48  4:14  Drone  
  48  4:15  Drone, Zerg Missile Weapons Level 1  
  50  4:27  Overlord x2  
  50  4:31  Glial Reconstitution  
  50  4:33  Overlord  
  50  4:37  Roach x3  
  56  4:40  Roach  
  56  4:45  Roach x2  
  62  4:47  Overlord  
  62  4:54  Roach x3  
  68  5:07  Roach  
  68  5:08  Roach x4  
  77  5:22  Roach x2  
  77  5:23  Roach x3  
  85  5:34  Roach  
  85  5:35  Roach  
  81  5:42  Roach x3  
  81  5:47  Hatchery  
  78  5:50  Roach x2  
  78  5:51  Roach  
  78  5:56  Overlord  
  84  6:02  Roach x2  
  84  6:03  Roach  
  90  6:04  Overlord  
  90  6:09  Overlord  
  90  6:17  Overlord  
  90  6:18  Zerg Missile Weapons Level 2  
  90  6:22  Overlord  
  90  6:30  Roach x2  
  90  6:31  Roach x2  
  98  6:36  Overlord  
  98  6:46  Roach x4  
  102  6:56  Roach x2  
  102  7:00  Roach x2  
  108  7:12  Hydralisk Den  
  108  7:13  Drone  
  104  7:16  Extractor  
  104  7:21  Roach  
  104  7:22  Roach x4  
  109  7:36  Drone x2  
  109  7:37  Drone x4  
  112  7:44  Drone  
  112  7:45  Grooved Spines, Hydralisk x2  
  116  7:55  Drone x5  
  116  7:56  Drone  
  122  8:02  Extractor  
  122  8:04  Extractor  
  122  8:05  Drone x3  
  123  8:09  Overlord  
  123  8:13  Drone  
  123  8:14  Drone x2  
  123  8:15  Hydralisk  
  123  8:17  Overlord x2  
  128  8:23  Ravager  
  129  8:27  Overlord x2  
  129  8:29  Ravager x3  
  129  8:31  Queen  
  134  8:34  Overlord  
  134  8:38  Hydralisk x3  
  140  8:43  Hydralisk  
  142  8:49  Hydralisk x3  
  142  8:54  Pneumatized Carapace  
  148  8:59  Overseer  
  148  9:01  Hydralisk  
  150  9:09  Overlord x2  
  150  9:12  Drone  
  150  9:13  Drone x3  
  154  9:21  Hydralisk x3  
  154  9:22  Hydralisk  
  162  9:25  Hydralisk x3  
  162  9:31  Muscular Augments  
  150  9:47  Hydralisk  
  150  9:48  Hydralisk x4  
  150  9:51  Hydralisk  
  139  10:00  Roach x4  
  147  10:08  Drone x6  
  153  10:28  Overseer  
  153  10:29  Overseer x2  
  153  10:31  Hydralisk x2  
  153  10:32  Hydralisk x2  
  161  10:40  Drone x5  
  166  10:46  Drone x3  
  169  11:02  Overlord x3  
  169  11:07  Drone  
  169  11:11  Hatchery  
  165  11:20  Hydralisk  
  165  11:21  Hydralisk x3  
Show
View Real Time Build Order
Export as new Build Order

Rashl Protoss - Winner!

Build Orders: 1 Gate Expand, Colossus Rush 

Get SALT Encoding   

  1  0:00  Probe  
  12  0:05  Probe  
  14  0:18  Pylon  
  14  0:22  Probe  
  15  0:36  Probe  
  15  0:40  Gateway  
  16  0:45  Assimilator  
  16  0:49  Probe  
  17  0:58  Probe  
  18  1:06  Probe  
  19  1:28  Cybernetics Core  
  19  1:42  Probe  
  19  1:43  Nexus  
  19  1:45  Assimilator  
  20  1:55  Probe  
  21  2:03  Probe  
  21  2:04  Warp Gate  
  22  2:15  Pylon  
  22  2:21  Probe  
  23  2:30  Pylon  
  23  2:33  Stalker  
  25  2:38  Robotics Facility  
  25  2:41  Pylon, Probe  
  26  2:52  Probe  
  26  2:53  Shield Battery  
  26  2:54  Probe  
  28  3:03  Probe x2  
  28  3:08  Shield Battery  
  28  3:12  Probe  
  30  3:15  Probe  
  30  3:18  Pylon  
  32  3:22  Stalker  
  35  3:27  Observer  
  35  3:28  Probe  
  35  3:33  Probe  
  37  3:40  Shield Battery  
  37  3:42  Probe  
  38  3:48  Robotics Bay  
  38  3:57  Probe  
  38  4:00  Probe  
  40  4:03  Immortal  
  40  4:06  Probe  
  40  4:07  Pylon  
  44  4:12  Probe  
  44  4:13  Pylon  
  46  4:18  Pylon  
  46  4:21  Stalker  
  46  4:24  Probe  
  48  4:26  Probe  
  48  4:31  Forge  
  50  4:37  Gateway  
  50  4:40  Probe x2  
  50  4:45  Stalker  
  54  4:51  Gateway  
  54  4:55  Probe  
  54  4:56  Pylon, Probe  
  54  4:58  Protoss Ground Weapons Level 1  
  56  5:01  Assimilator  
  56  5:02  Assimilator  
  56  5:07  Shield Battery  
  56  5:12  Extended Thermal Lance  
  56  5:25  Stalker  
  58  5:40  Gateway  
  58  5:45  Gateway  
  58  5:46  Stalker  
  58  5:49  Colossus  
  66  5:55  Gateway  
  66  6:00  Gateway  
  66  6:03  Probe  
  66  6:04  Stalker  
  66  6:05  Stalker  
  66  6:07  Probe  
  72  6:14  Photon Cannon  
  72  6:15  Probe  
  72  6:20  Probe  
  72  6:25  Probe  
  74  6:27  Pylon  
  74  6:29  Twilight Council  
  75  6:40  Probe x2  
  75  6:42  Nexus  
  77  6:47  Pylon  
  77  7:05  Blink  
  68  7:09  Protoss Ground Weapons Level 2  
  63  7:17  Probe  
  63  7:18  Probe  
  63  7:25  Probe  
  64  7:30  Probe  
  64  7:31  Stalker  
  64  7:33  Colossus  
  73  7:39  Stalker x2  
  73  7:41  Stalker x4  
  85  8:10  Nexus, Probe x2  
  87  8:23  Pylon  
  87  8:25  Probe x2  
  89  8:27  Colossus  
  95  8:36  Probe  
  95  8:37  Stalker  
  95  8:38  Stalker x2  
  95  8:40  Probe  
  103  8:49  Probe  
  103  8:51  Shield Battery  
  103  8:54  Shield Battery, Probe  
  103  8:55  Assimilator  
  106  9:02  Probe  
  106  9:05  Robotics Facility  
  106  9:15  Probe  
  106  9:16  Gateway  
  106  9:18  Probe, Gateway  
  106  9:21  Observer  
  106  9:22  Protoss Ground Armor Level 1  
  109  9:32  Gateway  
  109  9:34  Gravitic Boosters, Probe  
  109  9:36  Probe x2  
  112  9:41  Stalker x2  
  116  10:12  Stalker x8  
  132  10:16  Assimilator  
  132  10:21  Shield Battery  
  132  10:22  Shield Battery  
  132  10:27  Stalker x2  
  136  10:30  Observer x2  
  138  10:36  Probe x3  
  141  10:52  Nexus  
  141  10:55  Pylon  
  141  10:58  Pylon, Probe  
  141  11:00  Probe  
  141  11:08  Pylon  
  141  11:10  Probe  
  141  11:11  Pylon  
  141  11:13  Probe  
  141  11:15  Pylon  
  151  11:21  Stalker x2  
  154  11:29  Stalker x2  
  154  11:30  Stalker  
Show
View Real Time Build Order
Export as new Build Order

OpuS Protoss 

Build Orders:  

Get SALT Encoding   

  12  0:02  Probe  
  13  0:14  Probe  
  14  0:21  Pylon  
  14  0:26  Probe  
  15  0:42  Gateway  
  15  0:48  Probe  
  16  0:53  Assimilator  
  16  0:58  Probe  
  16  1:02  Gateway  
  17  1:06  Probe  
  18  1:14  Probe  
  18  1:22  Probe  
  19  1:30  Cybernetics Core  
  20  1:33  Probe  
  20  1:35  Pylon  
  21  1:47  Probe  
  22  1:56  Warp Gate  
  22  2:00  Probe  
  23  2:03  Assimilator  
  23  2:08  Adept x2  
  27  2:20  Probe  
  28  2:27  Gateway  
  28  2:28  Pylon  
  28  2:38  Gateway  
  28  2:49  Adept x2  
  32  2:58  Pylon  
  32  2:59  Probe  
  32  3:25  Stalker x2  
  32  3:26  Zealot  
  38  3:29  Zealot, Probe  
  41  3:38  Probe  
  41  3:43  Pylon  
  42  4:08  Zealot x2  
  42  4:09  Zealot  
  48  4:10  Zealot  
  50  4:29  Sentry  
  50  4:30  Sentry  
  54  4:35  Pylon  
  54  4:44  Nexus  
  54  4:57  Stargate  
  54  5:03  Stargate  
  52  5:30  Probe  
  49  5:42  Probe, Void Ray  
  52  5:49  Stalker x3  
  54  6:05  Void Ray  
  54  6:08  Probe  
  59  6:13  Probe  
  60  6:20  Probe  
  61  6:34  Void Ray  
  61  6:51  Stalker x2  
  61  6:52  Stalker  
  63  7:11  Probe x2  
  63  7:12  Void Ray  
  69  7:23  Probe x2  
  69  7:26  Void Ray  
  75  7:35  Probe  
  76  7:40  Probe  
  77  7:47  Probe  
  78  8:03  Protoss Air Weapons Level 1  
  78  8:06  Pylon  
  78  8:08  Pylon  
  78  8:09  Assimilator  
  78  8:10  Pylon  
  78  8:12  Assimilator  
  78  8:22  Void Ray  
  78  8:24  Probe x2  
  80  8:32  Stalker x2  
  88  8:36  Probe x2  
  88  8:40  Void Ray  
  90  8:48  Probe  
  95  8:57  Pylon  
  95  8:59  Pylon  
  95  9:00  Stalker, Pylon  
  97  9:04  Stalker  
  99  9:16  Void Ray  
  65  9:55  Void Ray  
  65  9:59  Void Ray  
  55  10:16  Probe x2  
  57  10:30  Void Ray  
  57  10:33  Void Ray  
  57  10:34  Probe x2  
  67  10:47  Stargate  
  67  10:50  Pylon  
  67  11:11  Zealot x4  
Show
View Real Time Build Order
Export as new Build Order

Sketchaphone Zerg 

Build Orders: Hatch First, Lurkers 

Get SALT Encoding   

  12  0:03  Drone  
  13  0:13  Overlord  
  13  0:18  Drone  
  14  0:31  Drone x2  
  16  0:38  Drone  
  17  0:58  Hatchery  
  16  1:25  Spawning Pool, Drone x3  
  18  1:27  Extractor  
  17  1:36  Drone  
  19  1:47  Drone  
  19  2:08  Hatchery  
  18  2:12  Queen  
  18  2:13  Zergling x2  
  22  2:15  Drone x2  
  22  2:21  Queen  
  25  2:26  Drone  
  26  2:36  Metabolic Boost  
  26  2:38  Overlord  
  26  2:45  Overlord  
  26  2:48  Drone  
  27  2:56  Queen  
  29  3:05  Queen  
  31  3:06  Drone  
  31  3:09  Drone  
  31  3:12  Drone  
  34  3:14  Drone  
  34  3:17  Zergling x2  
  36  3:33  Queen  
  38  3:49  Zergling x2  
  38  3:50  Zergling x2  
  38  3:54  Drone x7  
  47  4:03  Spore Crawler  
  47  4:05  Spore Crawler  
  47  4:06  Zergling x8  
  49  4:10  Overlord  
  49  4:30  Spore Crawler  
  48  4:46  Zergling x4  
  48  4:47  Overlord  
  48  4:48  Overlord  
  50  4:57  Evolution Chamber, Zergling x4, Extractor  
  50  4:59  Evolution Chamber  
  49  5:02  Extractor  
  49  5:03  Drone  
  49  5:04  Drone x2, Extractor  
  50  5:07  Overlord  
  50  5:08  Overlord  
  50  5:09  Overlord  
  50  5:11  Zergling x8  
  53  5:23  Lair  
  53  5:25  Zerg Ground Armor Level 1  
  49  5:43  Zerg Missile Weapons Level 1  
  49  5:47  Roach Warren, Drone x2  
  50  5:53  Drone x4  
  50  6:00  Zergling x4  
  52  6:09  Spine Crawler  
  51  6:15  Spine Crawler  
  50  6:22  Zergling x6  
  52  6:29  Zergling x6  
  52  6:35  Zergling x4  
  52  6:38  Zergling x4  
  56  6:41  Zergling x2  
  56  6:46  Zergling x4  
  58  6:49  Zergling x2  
  47  6:57  Zergling x6  
  47  7:00  Zergling x2  
  48  7:02  Zergling x2  
  47  7:09  Zergling x6  
  50  7:19  Zergling x6  
  53  7:27  Drone x3  
  56  7:43  Glial Reconstitution  
  56  7:47  Hydralisk Den, Drone x2  
  57  8:05  Drone x6  
  63  8:28  Grooved Spines  
  63  8:29  Zerg Missile Weapons Level 2  
  63  8:31  Lurker Den  
  63  8:32  Zerg Ground Armor Level 2  
  62  8:51  Hatchery  
  62  8:52  Hydralisk  
  62  8:53  Hydralisk  
  65  8:56  Drone x2  
  67  9:06  Drone x5, Extractor  
  67  9:09  Extractor  
  70  9:21  Hydralisk x3  
  75  9:45  Hydralisk x2  
  63  10:02  Lurker x2  
  63  10:17  Lurker  
  58  10:36  Lurker  
  58  10:39  Zergling x12  
  63  10:50  Lurker  
Tags
 
Add a new tag
Caveats
  • Supply blocks, unpowered buildings, or Contaminate may cause inaccurate times.
  • Supply counts are checked every 10 seconds.